 Dungeon Sprint DCSS version 0.19.1-1-g22dce08 (webtiles) character file.

1697 Angani the Bludgeoner (level 9, -10/180 HPs)
             Began as an Ogre Berserker on Jan 19, 2017.
             Was a High Priest of Trog.
             Mangled by a demonic crawler (11 damage)
             ... in the Dungeon (Sprint I: "Red Sonja").
             The game lasted 00:02:21 (723 turns).

Angani the Bludgeoner (Ogre Berserker)               Turns: 723, Time: 00:02:21

Health: -10/180    AC:  3    Str: 32    XL:     9   Next: 3%
Magic:  9/9        EV: 10    Int:  6    God:    Trog [*****.]
Gold:   116        SH:  0    Dex:  9    Spells: 0 memorised, 8 levels left

rFire  . . .     SeeInvis .     j - +0 giant club
rCold  . . .     Gourm    .     b - +0 animal skin
rNeg   . . .     Faith    +     (shield currently unavailable)
rPois  .         Spirit   .     (helmet restricted)
rElec  .         Reflect  .     (no cloak)
rCorr  .         Harm     .     (gloves unavailable)
MR     ++...     NoTele   +     (boots unavailable)
Stlth  ..........               k - amulet of faith
                                (no ring)
                                (no ring)

@: berserking, regenerating, very quick
A: unfitting armour, tough skin 1
a: Berserk, Trog's Hand, Brothers in Arms, Burn Spellbooks, Renounce Religion


You were in the Dungeon.
You worshipped Trog.
Trog was extremely pleased with you.
You were hungry.

You visited 1 branch You collected 427 gold pieces.
You spent 311 gold pieces at shops.

Inventory:

Hand Weapons
 j - a +0 giant club (weapon)
Armour
 b - a +0 animal skin (worn)
Jewellery
 k - an amulet of faith (around neck)
Scrolls
 i - 2 scrolls of blinking
 m - a scroll of remove curse {unknown}
 n - 2 scrolls of identify {unknown}
Potions
 d - a potion of curing
 e - 2 potions of heal wounds
 f - a potion of haste
 g - 2 potions of magic
 h - a potion of berserk rage
 l - a potion of agility {unknown}
Comestibles
 a - a meat ration
 c - a bread ration


   Skills:
 + Level 17.1 Fighting
 + Level 17.1 Maces & Flails
 - Level 2.6 Dodging


You had 8 spell levels left.
You didn't know any spells.

Dungeon Overview and Level Annotations

Branches:
Dungeon (1/1)

Altars:
Cheibriados
Dithmenos
Elyvilon
Fedhas
Gozag
Hepliaklqana
Kikubaaqudgha
Makhleb
Nemelex Xobeh
Okawaru
Qazlal
Ru
Sif Muna
Trog
Uskayaw
Vehumet
Xom
Yredelemnul
Zin
The Shining One
Jiyva
Lugonu

Shops:
D *


Innate Abilities, Weirdness & Mutations

You are too large for most types of armour.
You have tough skin. (AC +1)


Message History

You bludgeon the demonic crawler!!
The demonic crawler is heavily wounded.
The demonic crawler closely misses you.
The demonic crawler hits you but does no damage. x2
You closely miss the demonic crawler.
The demonic crawler is heavily wounded.
You barely miss the demonic crawler.
The demonic crawler is heavily wounded.
You barely miss the demonic crawler.
The demonic crawler is heavily wounded.
The demonic crawler closely misses you. The demonic crawler hits you.
* * * LOW HITPOINT WARNING * * *
The demonic crawler hits you.
* * * LOW HITPOINT WARNING * * *
You thump the demonic crawler!
The demonic crawler is severely wounded.
The demonic crawler hits you.
* * * LOW HITPOINT WARNING * * *
The demonic crawler hits you!
You die...

######################
..)..#..'..#__#.ss...#
).#..').#..'..'.@#
####'#####'#__####
###..#...#.####
__####..##.#
_____##'#..+
_.∩...'..._#
_..__##_.#'#
_____###+#.# ######
###


You could see 2 demonic crawlers.

Vanquished Creatures
  2 demonic crawlers (D)
  2 kobold demonologists (D)
  A slime creature (D)
  Sigmund (D)
  A yak (D)
  A floating eye (D)
  An ogre (D)
  A jelly (D)
  Ijyb (D)
11 creatures vanquished.

Notes
Turn   | Place    | Note
-------+----------+-------------------------------------------
     0 | D        | Angani the Ogre Berserker began the quest for the Orb.
     0 | D        | Reached XP level 1. HP: 24/24 MP: 1/1
     2 | D        | Noticed Ijyb
    26 | D        | Killed Ijyb
    26 | D        | Reached XP level 2. HP: 9/37 MP: 2/2
    26 | D        | Reached XP level 3. HP: 11/45 MP: 3/3
   249 | D        | Noticed an ogre
   257 | D        | Killed an ogre
   257 | D        | Reached XP level 4. HP: 17/59 MP: 4/4
   486 | D        | Noticed Sigmund
   489 | D        | Killed Sigmund
   489 | D        | Reached ** piety under Trog
   489 | D        | Reached XP level 5. HP: 74/74 MP: 5/5
   489 | D        | Reached XP level 6. HP: 83/83 MP: 6/6
   504 | D        | Found a deep blue altar of Sif Muna.
   506 | D        | Found a radiant altar of Vehumet.
   551 | D        | Found Noapn's Assorted Antiques.
   551 | D        | Found an ancient bone altar of Kikubaaqudgha.
   551 | D        | Found a hazy altar of Hepliaklqana.
   551 | D        | Found a stormy altar of Qazlal.
   551 | D        | Found a hide-covered altar of Uskayaw.
   551 | D        | Found a blossoming altar of Fedhas.
   551 | D        | Found a bloodstained altar of Trog.
   551 | D        | Found an iron altar of Okawaru.
   551 | D        | Found a basalt altar of Yredelemnul.
   551 | D        | Found a glowing golden altar of the Shining One.
   551 | D        | Found a snail-covered altar of Cheibriados.
   551 | D        | Found a sacrificial altar of Ru.
   551 | D        | Found a glowing silver altar of Zin.
   551 | D        | Found a shadowy altar of Dithmenos.
   551 | D        | Found a white marble altar of Elyvilon.
   551 | D        | Noticed a yak
   555 | D        | Killed a yak
   555 | D        | Reached XP level 7. HP: 80/93 MP: 7/7
   556 | D        | Found an opulent altar of Gozag.
   557 | D        | Found a sparkling altar of Nemelex Xobeh.
   561 | D        | Bought a potion of heal wounds for 95 gold pieces
   561 | D        | Bought a scroll of blinking for 142 gold pieces
   561 | D        | Bought a grey potion for 17 gold pieces
   561 | D        | Bought a scroll labeled JEUZOE WAOXUZ for 19 gold pieces
   561 | D        | Bought a scroll labeled XIYBBEENEN for 19 gold pieces
   561 | D        | Bought a scroll labeled XIYBBEENEN for 19 gold pieces
   618 | D        | Found a burning altar of Makhleb.
   618 | D        | Found a viscous altar of Jiyva.
   618 | D        | Found a shimmering altar of Xom.
   618 | D        | Found a corrupted altar of Lugonu.
   618 | D        | Noticed a slime creature
   624 | D        | Killed a slime creature
   624 | D        | Reached *** piety under Trog
   692 | D        | Noticed a kobold demonologist
   700 | D        | Noticed a smoke demon
   704 | D        | Noticed a kobold demonologist
   704 | D        | Killed a kobold demonologist
   704 | D        | Reached skill level 15 in Fighting
   704 | D        | Reached skill level 15 in Maces & Flails
   707 | D        | Reached **** piety under Trog
   707 | D        | Reached XP level 8. HP: 76/107 MP: 8/8
   710 | D        | Killed a kobold demonologist
   710 | D        | Received a gift from Trog
   711 | D        | Noticed a demonic crawler
   713 | D        | Noticed a demonic crawler
   714 | D        | Noticed a demonic crawler
   716 | D        | Noticed a demonic crawler
   716 | D        | Killed a demonic crawler
   718 | D        | Killed a demonic crawler
   718 | D        | Reached ***** piety under Trog
   718 | D        | Reached XP level 9. HP: 11/120 MP: 9/9
   722 | D        | HP: 7/180 [demonic crawler (6)]
   723 | D        | HP: 1/180 [demonic crawler (6)]
   723 | D        | Mangled by a demonic crawler

Skill      XL: |  1  2  3  4  5  6  7  8 |
---------------+-------------------------+-----
Fighting       | 6 9 11 13 15 17 | 17.1
Maces & Flails | 6 9 11 13 15 17 | 17.1
Dodging        | |  2.6

Action                   |  1- 3 |  4- 6 |  7- 9 || total
-------------------------+-------+-------+-------++-------
Melee: Mace              |    30 |       |       ||    30
       Giant club        |       |     7 |    28 ||    35
Invok: Berserk           |       |       |     1 ||     1
       Trog's Hand       |       |       |     1 ||     1
Armor: Animal skin       |     4 |       |     8 ||    12
Dodge: Dodged            |     9 |     3 |     9 ||    21
